Map: Blackburn LE

Players

Strange

  • Race: Protoss Protoss
  • League: Master

Reynor - Winner!

  • Race: Zerg Zerg

Event: DreamHack SC2 Masters 2021 Summer

VOD

Have the link to the VOD?

Description

Time

  • Played on: May 23, 2021, 10:42 a.m.
  • Length: 11:53

All games in this series

Show
View Real Time Build Order
Export as new Build Order

Strange Protoss 

Build Orders: 1 Gate Expand, Phoenix Opening, Archon Immortal 

Get SALT Encoding   

  12  0:00  Probe  
  13  0:12  Probe  
  14  0:20  Pylon  
  14  0:24  Probe  
  15  0:38  Probe (Chrono Boost)  
  15  0:39  Gateway  
  16  0:47  Probe (Chrono Boost), Assimilator  
  17  0:52  Probe  
  18  1:04  Probe  
  19  1:16  Probe  
  20  1:24  Nexus  
  20  1:36  Cybernetics Core  
  20  1:39  Probe  
  21  1:44  Assimilator  
  21  1:51  Probe  
  22  1:54  Pylon  
  22  2:03  Probe (Chrono Boost)  
  23  2:12  Adept  
  23  2:15  Probe (Chrono Boost), Warp Gate  
  27  2:22  Probe (Chrono Boost)  
  27  2:24  Stargate  
  27  2:30  Probe (Chrono Boost)  
  28  2:39  Probe (Chrono Boost)  
  28  2:42  Stalker  
  31  2:47  Probe (Chrono Boost)  
  31  2:48  Probe (Chrono Boost)  
  32  2:53  Probe (Chrono Boost)  
  32  2:54  Probe (Chrono Boost)  
  34  3:05  Probe  
  35  3:06  Probe, Phoenix (Chrono Boost)  
  38  3:17  Probe, Gateway  
  38  3:18  Probe  
  40  3:23  Phoenix (Chrono Boost)  
  42  3:28  Pylon  
  42  3:29  Probe  
  42  3:30  Probe  
  44  3:35  Assimilator  
  44  3:37  Assimilator  
  44  3:41  Probe  
  44  3:42  Probe  
  44  3:44  Phoenix (Chrono Boost)  
  48  3:53  Probe  
  48  3:55  Probe  
  50  4:00  Phoenix  
  52  4:06  Probe, Robotics Facility  
  52  4:07  Probe  
  54  4:14  Pylon  
  54  4:19  Forge  
  54  4:31  Phoenix (Chrono Boost), Pylon  
  54  4:32  Probe, Pylon  
  54  4:37  Sentry x2  
  61  4:44  Probe  
  61  4:45  Pylon  
  62  4:49  Probe  
  63  4:54  Observer (Chrono Boost)  
  63  4:55  Protoss Ground Weapons Level 1  
  64  5:00  Gateway  
  64  5:02  Sentry  
  64  5:03  Gateway, Zealot  
  64  5:05  Pylon  
  64  5:06  Probe x2  
  70  5:18  Probe x2  
  72  5:23  Pylon  
  72  5:27  Immortal (Chrono Boost)  
  76  5:41  Nexus, Sentry x2  
  80  5:45  Photon Cannon  
  80  5:50  Shield Battery  
  80  5:51  Probe  
  80  5:53  Probe  
  80  5:54  Observer  
  82  6:04  Probe, Immortal (Chrono Boost)  
  87  6:05  Probe  
  88  6:13  Robotics Bay  
  88  6:16  Probe  
  88  6:17  Probe  
  90  6:28  Probe  
  90  6:29  Probe  
  92  6:34  Immortal (Chrono Boost)  
  96  6:40  Probe, Pylon  
  96  6:41  Probe, Zealot  
  96  6:43  Pylon  
  100  6:52  Probe x2  
  100  6:54  Probe  
  103  6:55  Protoss Ground Armor Level 1 (Chrono Boost)  
  103  6:56  Assimilator  
  103  6:58  Pylon, Assimilator  
  103  7:03  Colossus (Chrono Boost)  
  103  7:04  Extended Thermal Lance  
  103  7:08  Probe  
  110  7:14  Twilight Council  
  110  7:16  Probe x2  
  110  7:17  Forge  
  110  7:20  Probe  
  110  7:21  Gateway  
  113  7:26  Gateway  
  113  7:27  Gateway  
  113  7:29  Gateway  
  113  7:41  Probe  
  113  7:42  Probe x2  
  116  7:46  Pylon  
  116  7:49  Colossus  
  122  7:52  Pylon  
  122  7:54  Pylon  
  122  8:02  Charge  
  122  8:06  Protoss Ground Weapons Level 2 (Chrono Boost)  
  122  8:07  Templar Archives  
  122  8:12  Gateway  
  122  8:13  Gateway  
  120  8:22  Zealot x7  
  132  8:35  Robotics Facility  
  132  8:41  Phoenix x3  
  130  8:47  High Templar x3  
  130  8:48  High Templar, Nexus  
  138  8:49  Pylon  
  138  8:50  Protoss Ground Armor Level 2 (Chrono Boost)  
  138  8:52  Archon x2  
  138  8:53  Psionic Storm  
  138  9:02  Nexus  
  136  9:08  High Templar x2  
  140  9:15  Photon Cannon  
  140  9:16  Shield Battery  
  140  9:19  High Templar  
  142  9:32  Immortal (Chrono Boost)  
  142  9:33  Immortal (Chrono Boost)  
  150  9:42  Zealot  
  150  9:43  Zealot x7  
  164  9:58  Pylon  
  158  10:06  High Templar x2  
  150  10:09  Immortal x2 (Chrono Boost)  
  154  10:14  Archon, Nexus  
  145  10:40  Probe  
  145  10:41  Probe x2, Observer, Immortal  
  148  10:49  High Templar x2  
  152  10:50  Zealot x8  
  164  10:59  Archon  
  164  11:02  Immortal  
  167  11:18  Zealot x2  
  167  11:19  Zealot  
  167  11:20  Pylon  
  138  11:34  Zealot x7  
Show
View Real Time Build Order
Export as new Build Order

Reynor Zerg - Winner!

Build Orders: Hatch First, Lurkers 

Get SALT Encoding   

  12  0:00  Drone  
  13  0:12  Overlord  
  13  0:17  Drone  
  14  0:31  Drone x2  
  16  0:49  Hatchery  
  15  0:51  Drone  
  15  0:55  Drone  
  17  0:58  Drone  
  18  1:08  Extractor  
  17  1:13  Spawning Pool  
  17  1:17  Drone  
  17  1:20  Drone  
  18  1:28  Drone  
  19  1:38  Drone  
  20  1:50  Overlord  
  20  2:00  Queen  
  20  2:01  Queen, Zergling x4  
  26  2:11  Drone  
  26  2:12  Drone  
  28  2:21  Drone  
  29  2:23  Drone  
  30  2:31  Hatchery  
  30  2:32  Drone  
  30  2:35  Drone  
  31  2:42  Queen  
  33  2:47  Drone  
  33  2:49  Pneumatized Carapace  
  34  2:55  Overlord  
  34  2:57  Drone  
  35  2:59  Drone  
  36  3:08  Overlord  
  36  3:15  Drone x3  
  36  3:16  Drone  
  36  3:17  Drone  
  41  3:21  Queen  
  41  3:27  Metabolic Boost  
  43  3:28  Drone x2  
  45  3:34  Overlord  
  45  3:37  Drone  
  45  3:40  Queen  
  48  3:44  Drone x2  
  50  3:49  Overlord  
  50  3:53  Drone x3  
  50  3:54  Drone  
  54  3:57  Drone x2  
  54  4:02  Queen  
  58  4:05  Overlord  
  58  4:09  Zergling x4  
  60  4:13  Queen  
  60  4:15  Drone  
  63  4:17  Drone  
  63  4:18  Drone  
  63  4:20  Overlord  
  63  4:23  Drone x2  
  67  4:26  Overlord  
  67  4:31  Drone x2, Spore Crawler  
  65  4:35  Spore Crawler  
  65  4:37  Zergling x4  
  65  4:38  Drone x2  
  70  4:39  Drone  
  70  4:40  Drone  
  70  4:45  Queen  
  72  4:49  Drone x4  
  78  4:55  Overlord  
  78  4:56  Spore Crawler  
  77  5:01  Lair  
  77  5:05  Evolution Chamber  
  76  5:11  Overlord x2  
  76  5:13  Hatchery  
  75  5:16  Drone x3  
  75  5:17  Drone  
  75  5:20  Drone x2  
  78  5:22  Extractor  
  78  5:23  Drone x3  
  78  5:24  Drone  
  78  5:28  Drone  
  82  5:33  Zerg Missile Weapons Level 1  
  82  5:36  Drone x4  
  82  5:38  Roach Warren  
  82  5:40  Drone x4  
  89  5:43  Extractor  
  89  5:44  Extractor  
  89  5:47  Extractor x2  
  85  5:51  Drone  
  85  5:52  Drone x2  
  85  5:53  Queen  
  85  5:56  Evolution Chamber  
  90  5:57  Drone x2  
  90  5:59  Overlord  
  90  6:02  Drone  
  92  6:05  Drone x4  
  92  6:06  Drone, Spore Crawler  
  92  6:10  Overlord  
  96  6:14  Overlord x2  
  96  6:17  Roach  
  96  6:18  Spine Crawler, Roach x3  
  102  6:22  Roach  
  102  6:23  Zergling x2  
  106  6:26  Overlord  
  106  6:30  Zergling x2, Roach x4  
  115  6:35  Roach  
  116  6:41  Drone x5  
  116  6:42  Drone  
  123  6:48  Zergling x6, Roach x2  
  123  6:54  Drone x2, Glial Reconstitution  
  129  6:56  Overlord  
  129  6:58  Spore Crawler  
  129  7:04  Drone x3  
  132  7:08  Infestation Pit  
  132  7:14  Drone  
  132  7:16  Drone, Hatchery  
  132  7:19  Zergling x8, Spore Crawler, Roach x4  
  132  7:22  Zerg Ground Armor Level 1  
  143  7:23  Overlord  
  143  7:26  Drone, Hydralisk Den  
  143  7:31  Drone x5  
  143  7:33  Extractor, Overlord  
  143  7:35  Extractor  
  145  7:45  Overlord  
  145  7:48  Hive  
  145  7:50  Drone x2, Overlord  
  147  7:55  Ravager x3  
  148  7:59  Overlord, Zerg Missile Weapons Level 2  
  148  8:01  Drone x2  
  148  8:03  Lurker Den  
  149  8:07  Overlord  
  147  8:13  Drone x4  
  147  8:14  Overlord  
  145  8:25  Hydralisk x4, Overlord  
  145  8:26  Hydralisk x3  
  145  8:27  Hydralisk  
  161  8:37  Hydralisk x2  
  161  8:39  Overseer  
  161  8:41  Muscular Augments  
  165  8:42  Drone x4  
  165  8:43  Drone x4  
  173  8:49  Overlord  
  172  8:57  Extractor  
  172  8:58  Extractor  
  172  9:00  Lurker x5  
  172  9:01  Seismic Spines  
  172  9:02  Lurker x2  
  175  9:03  Drone x5  
  175  9:06  Lurker  
  175  9:08  Drone x3  
  175  9:09  Overseer  
  184  9:15  Spine Crawler x3, Viper  
  184  9:21  Hydralisk x2  
  188  9:24  Hatchery  
  188  9:28  Hydralisk x3  
  188  9:29  Zergling x8  
  196  9:37  Spore Crawler  
  196  9:38  Viper  
  198  9:42  Overlord  
  192  10:00  Viper  
  192  10:03  Lurker  
  192  10:04  Drone x3, Lurker  
  192  10:05  Queen  
  192  10:06  Spine Crawler  
  195  10:07  Spine Crawler x2  
  191  10:15  Adaptive Talons  
  191  10:16  Lurker x2  
  191  10:17  Lurker  
  191  10:21  Hatchery  
  193  10:23  Lurker  
  193  10:27  Spine Crawler  
  193  10:28  Spine Crawler x2  
  192  10:29  Spine Crawler, Lurker  
  192  10:30  Spine Crawler, Hydralisk x3  
  192  10:31  Hydralisk  
  192  10:32  Zergling x2  
  192  10:33  Zergling x2  
  198  10:39  Hydralisk x4  
  195  11:00  Lurker x4  
  197  11:06  Hydralisk  
  197  11:09  Drone  
Tags
 
Add a new tag
Caveats
  • Supply blocks, unpowered buildings, or Contaminate may cause inaccurate times.
  • Supply counts are checked every 10 seconds.